 Dungeon Crawl Stone Soup version 0.24-a0-422-g9eff3895ba (webtiles) character file.

Game seed: 3392854356346375988

88 Elric the Skirmisher (level 4, -3/40 HPs)
             Began as a Gargoyle Fighter on June 12, 2019.
             Slain by Ijyb
             ... wielding a +0 dagger of electrocution
              (8 damage)
             ... on level 3 of the Dungeon.
             The game lasted 00:03:43 (1735 turns).

Elric the Skirmisher (Gargoyle Fighter)             Turns: 1735, Time: 00:03:44

Health: -3/40      AC: 22    Str: 26    XL:     4   Next: 54%
Magic:  0/4        EV:  2    Int:  8    God:
Gold:   106        SH:  9    Dex:  9    Spells: 3/3 levels left

rFire    . . .     SeeInvis .   a - +0 flail
rCold    . . .     Gourm    .   c - +0 shield
rNeg     + + +     Faith    .   (armour currently unavailable)
rPois    ∞         Spirit   +   (helmet currently unavailable)
rElec    .         Reflect  .   (cloak currently unavailable)
rCorr    .         Harm     .   (gloves currently unavailable)
MR       .....     NoTele   +   (boots currently unavailable)
Stlth    ++........             g - amulet of guardian spirit
HPRegen  0.13/turn              o - ring of stealth
MPRegen  0.09/turn              (no ring)

@: mighty, tree-form (expiring)
A: frail 1, negative energy resistance 1, evolution 1, petrification resistance,
rot immunity, AC +3
a: no special abilities


You were on level 3 of the Dungeon.
You were very hungry.
You were a tree.
You visited 1 branch of the dungeon, and saw 3 of its levels.

You collected 106 gold pieces.

Inventory:

Hand Weapons
 a - a +0 flail (weapon)
Armour
 b - a +0 scale mail (melded)
 c - a +0 shield (worn)
 h - a +0 cloak (melded)
 i - a +0 pair of gloves (melded)
Jewellery
 g - an amulet of guardian spirit (around neck)
 o - a ring of stealth (left branch)
 s - an uncursed amulet of harm
 t - a cursed ring of teleportation {unknown}
Scrolls
 e - a scroll of immolation {unknown}
 k - a scroll of identify
 l - a scroll of magic mapping {unknown}
 n - a scroll of noise {unknown}
 p - a scroll of teleportation {unknown}
 q - 2 scrolls of remove curse {unknown}
Potions
 j - a potion of mutation
 m - a potion of degeneration {unknown}
 r - a potion of curing
Comestibles
 f - 5 rations


   Skills:
 + Level 4.5 Fighting
 + Level 3.7 Maces & Flails
 - Level 3.2 Armour
 - Level 3.2 Shields


You had 3 spell levels left.
You didn't know any spells.
Your spell library was empty.

Dungeon Overview and Level Annotations

Branches:
Dungeon (3/15)

Altars:
Trog

Annotations:
D:3 Ijyb


Innate Abilities, Weirdness & Mutations

You are resistant to torment.
((Your stone body is resilient. (AC +3)))
You are immune to poison.
You resist negative energy. (rN+)
((You are resistant to electric shocks. (rElec)))
((You can survive without breathing.))
You are immune to petrification.
You are immune to rotting.
You are frail. (-10% HP)
You evolve.


Message History

Ijyb hits you but does no damage. x2
Your shield prevents you from hitting Ijyb.
Ijyb is moderately wounded.
Ijyb hits you but does no damage. x2; You are electrocuted!
* * * LOW HITPOINT WARNING * * *
It was a potion of curing.
You feel better. Ijyb hits you but does no damage.
You are electrocuted!
* * * LOW HITPOINT WARNING * * *
It was a potion of mutation.
You feel extremely strange.
You feel frail.
You feel nature experimenting on you.
Don't worry, failures die fast.
You block Ijyb's attack.
Ijyb zaps a wand.
You hit Ijyb but do no damage.
Ijyb is moderately wounded.
Ijyb zaps a wand.
You resist with some effort. Ijyb hits you but does no damage.
You barely miss Ijyb.
Ijyb is moderately wounded.
Ijyb hits you but does no damage.
You are electrocuted!
You die...

####....# #).#.#.#.#
#.. #.......#
##.#.#.#.# #..
#.......#
#.>.#.#.####..
#...#####
#...#.#.......
####...##########...#
#####...
......................
........
.#.##...#####.####.#
........ #
#...#.....####
######...
#...#.....♣g.#
.........
#...#.....##.# #####...
#####.....#......# #...
#.....#......#######...
#<....#.....$..........
#.....#.....#.#####.<..
#######.....# # #.#..
#.....# #.... #.....#
###.#


You could see Ijyb.

Vanquished Creatures
  3 adders (D:2)
  A worm (D:2)
  2 dart slugs
  A leopard gecko (D:1)
  A ball python (D:2)
  4 bats
  2 giant cockroaches (D:1)
  9 hobgoblins
  4 jackals (D:3)
  7 kobolds
  A quokka (D:2)
  4 frilled lizards
  8 goblins
  6 rats
53 creatures vanquished.

Notes
Turn   | Place    | Note
-------+----------+-------------------------------------------
     0 | D:1      | Elric the Gargoyle Fighter began the quest for the Orb.
     0 | D:1      | Reached XP level 1. HP: 14/14 MP: 1/1
   266 | D:1      | Reached XP level 2. HP: 20/20 MP: 2/2
   541 | D:1      | Reached skill level 4 in Fighting
   545 | D:1      | Reached XP level 3. HP: 21/24 MP: 3/3
  1291 | D:2      | Found a bloodstained altar of Trog.
  1302 | D:2      | Reached XP level 4. HP: 26/30 MP: 1/4
  1719 | D:3      | Noticed Ijyb
  1733 | D:3      | Gained mutation: You are frail. (-10% HP) [potion of
                  | mutation]
  1733 | D:3      | Gained mutation: You evolve. [potion of mutation]
  1735 | D:3      | Slain by Ijyb

Levels and vault maps discovered:
D:1:      dpeg_arrival_leaves_temple_mockup, layout_rooms, minmay_tetromino_t4
D:2:      layout_loops_ring, lemuel_round_altar
D:3:      layout_basic, okawaru_gym_becter, uniq_ijyb

Skill      XL: |  1  2  3 |
---------------+----------+-----
Fighting       | 4 |  4.5
Maces & Flails | 3 |  3.7
Armour         | |  3.2
Shields        | |  3.2

Action                   |  1- 3 |  4- 6 || total
-------------------------+-------+-------++-------
Melee: Flail             |   139 |    65 ||   204
  Use: Scroll            |     3 |       ||     3
       Potion            |       |     3 ||     3
  Eat: Chunk             |     1 |     1 ||     2
Armor: Scale mail        |    53 |    36 ||    89
       Skin              |       |    10 ||    10
Dodge: Dodged            |    32 |    26 ||    58
Block: Shield            |    69 |    48 ||   117

Table legend:
 A = Non-vault XP
 B = Vault XP
 C = Vault XP percentage of total XP
 D = Non-vault monster count
 E = Vault monster count
 F = Vault count percentage of total count
                 A         B        C        D         E       F
            +---------+---------+-------+---------+---------+-------
      Total |     123 |       4 |   3.1 |      51 |       2 |   3.8
            +---------+---------+-------+---------+---------+-------
        D:1 |      42 |       4 |   8.7 |      25 |       2 |   7.4
        D:2 |      65 |       0 |   0.0 |      17 |       0 |   0.0
        D:3 |      16 |       0 |   0.0 |       9 |       0 |   0.0
            +---------+---------+-------+---------+---------+-------
